 Dungeon Crawl Stone Soup version 0.22-a0-181-gb22368a (webtiles) character file.

97644 KristoblXynda the Carver (level 15, -2/134 HPs)
             Began as a Grey Draconian Gladiator on Feb 14, 2018.
             Was the Champion of Okawaru.
             Slain by a raiju (8 damage)
             ... on level 2 of the Abyss.
             The game lasted 01:07:15 (29965 turns).

KristoblXynda the Carver (DrGl)                    Turns: 29965, Time: 01:07:16

Health: -2/134     AC: 23    Str: 17    XL:     15   Next: 72%
Magic:  14/18      EV: 19    Int: 13    God:    Okawaru [******]
Gold:   640        SH:  7    Dex: 12    Spells: 14/14 levels left

rFire    . . .     SeeInvis .   y - +7 scimitar (flame)
rCold    + . .     Gourm    .   T - +1 buckler {reflect}
rNeg     . . .     Faith    .   (armour unavailable)
rPois    .         Spirit   .   b - +0 hat
rElec    .         Reflect  +   t - +1 cloak {+Inv}
rCorr    .         Harm     .   A - +2 pair of gloves "Voelun" {rC+ MR- Dex+2}
MR       +....     Rnd*Rage +   h - +0 pair of boots Stlth +.........Rnd*Tele +
                                I - amulet of rage
HPRegen  0.32/turn              j - ring of protection from magic
MPRegen  0.16/turn              R - +3 ring of protection

@: about to teleport, very slightly contaminated
A: walk through water, unfitting armour, [berserk 2], [clumsy 2], [low mp 2],
[screaming 3], [teleportitis 2], unbreathing, cold-blooded, [subdued magic 2],
[MP-powered wands], AC +14
a: Heroism, Finesse, Renounce Religion, Evoke Berserk Rage, Evoke Invisibility


You were on level 2 of the Abyss.
You worshipped Okawaru.
Okawaru was exalted by your worship.
You were not hungry.

You visited 5 branches of the dungeon, and saw 25 of its levels.
You visited the Abyss 1 time.
You visited 2 bazaars.
You also visited: Ossuary.

You collected 1996 gold pieces.
You spent 1356 gold pieces at shops.

Inventory:

Hand Weapons
 y - a +7 scimitar of flaming (weapon)
 S - a +7 double sword of holy wrath
Missiles
 c - 5 throwing nets (quivered)
 K - 8 javelins of returning
Armour
 b - a +0 hat (worn)
 h - a +0 pair of boots (worn)
 t - a +1 cloak of invisibility (worn)
 A - the +2 pair of gloves "Voelun" (worn) {rC+ MR- Dex+2}
   (Okawaru gifted it to you on level 9 of the Dungeon)

   It affects your dexterity (+2).
   It protects you from cold.
   It affects your resistance to hostile enchantments.
 T - a +1 buckler of reflection (worn)
Jewellery
 j - a ring of protection from magic (left hand)
 I - an amulet of rage (around neck)
 R - a +3 ring of protection (right hand)
Wands
 r - a wand of acid (1)
 x - a wand of disintegration (7)
 L - a wand of scattershot (4)
 N - a wand of paralysis (3)
Scrolls
 i - 5 scrolls of magic mapping
 n - a scroll of fear
 o - 15 scrolls of remove curse
 p - 2 scrolls of amnesia
 q - 4 scrolls of teleportation
 s - 4 scrolls of fog
 v - 2 scrolls of immolation
 E - 7 scrolls of identify
 G - a scroll of silence
Potions
 f - 7 potions of agility
 g - 8 potions of flight
 k - 7 potions of magic
 l - 4 potions of resistance
 u - 4 potions of curing
 w - 3 potions of mutation
 X - a potion of might
Miscellaneous
 e - a lightning rod (3/4)
 J - a phial of floods (inert)
Comestibles
 d - 31 rations


   Skills:
 + Level 12.6 Fighting
 - Level 14.0 Long Blades
 - Level 5.3 Throwing
 - Level 12.1 Dodging
 + Level 10.9 Shields
 - Level 10.3 Invocations
 + Level 10.2 Evocations


You had 14 spell levels left.
You didn't know any spells.

Dungeon Overview and Level Annotations

Branches:
Dungeon (15/15)            Temple (1/1) D:6            Lair (6/6) D:8
  Swamp (0/4) Lair:4        Snake (0/4) Lair:2        Slime (0/5) Lair:5
    Orc (2/2) D:12            Elf (1/3) Orc:2        Vaults (0/5) D:13
 Depths (0/5) D:15

Altars:
Ashenzari
Cheibriados
Dithmenos
Elyvilon
Fedhas
Gozag
Hepliaklqana
Kikubaaqudgha
Makhleb
Nemelex Xobeh
Okawaru
Qazlal
Ru
Sif Muna
Trog
Uskayaw
Vehumet
Wu Jian
Xom
Yredelemnul
Zin
The Shining One

Shops:
D:7 :   D:10 (%(}   D:13 *   D:14 :   Orc:2 (%%:

Annotations:
Lair:6 Kirke


Innate Abilities, Weirdness & Mutations

You can walk through water.
Your dull iron-grey scales are very hard. (AC +14)
You cannot fit into any form of body armour.
You can survive without breathing.
You are cold-blooded and may be slowed by cold attacks.
[You often lose your temper in combat.]
[You are very clumsy. (Dex -4)]
[Your magical capacity is very low. (-20% MP)]
[You frequently scream uncontrollably at your foes.]
[You are sometimes teleported next to monsters.]
[Your spells are easier to cast, but less powerful.]
[You expend magic power (3 MP) to strengthen your wands.]


Message History

* * * LOW HITPOINT WARNING * * *
The Executioner completely misses you. You block the Executioner's attack.
The Executioner misses you. x2
The Executioner gestures at you. You resist with significant effort.
A raiju comes into view.
Blink to where?
Press: ? - help, Dir - move target cursor, p - Executioner You are very lightly contaminated with residual magic.
As you read the scroll of blinking, it crumbles to dust.
You scream at the raiju!
A raiju comes into view.
The raiju barks!
You hear a bark!
You hear a shout!
The Executioner is no longer covered in acid.
A small abomination comes into view.
A raiju comes into view.
The raiju bites you.
* * * LOW HITPOINT WARNING * * *
The raiju shocks you!
You die...

#. #.## #..#
#...# ##
###...### ..#
..#....#..#..#.#.
#.x.#...#@.h....#
#...#..h##h.....
.#..x.x## ...[.
#.......# # .#..
#..#.#.#.#..h..#.
## # #..##..#.##
#.x# #... #
#ยงยง#XX..#.#
###..XX#.# .


You could see a worldbinder, 3 raiju and a small abomination.

Vanquished Creatures
  Roxanne (D:14)
  An orc warlord (Orc:2)
  A stone giant (Orc:2)
  2 entropy weavers (Lair:6)
  5 dire elephants
  A deep elf death mage (Elf:1)
  The ghost of mhoghedin the Nimble, a journeyman GnWn of Lugonu (Lair:3)
  4 vault guards (D:13)
  6 hydras
  An anaconda (Lair:6)
  The ghost of Azzok the Archer, a journeyman GrBe of Trog (D:11)
  14 two-headed ogres
  A tengu warrior (D:15)
  2 ogre magi (Orc:2)
  A queen ant (Lair:6)
  Sonja (D:12)
  2 wretched stars (Abyss:2)
  5 unseen horrors
  2 deep trolls
  2 wizards
  A glowing orange brain (D:12)
  A deep elf archer (Elf:1)
  A wolf spider zombie (D:15)
  9 ugly things
  7 deep elf magi
  A wolf spider (D:15)
  4 cyclopes
  7 black mambas
  10 elephants
  5 gargoyles
  10 spiny frogs
  7 centaur skeletons
  6 komodo dragons
  An efreet (D:15)
  3 rime drakes (Lair:5)
  4 kobold demonologists
  4 demonic crawlers (D:12)
  3 meliai (D:13)
  A harpy zombie (D:15)
  11 trolls
  The ghost of Gorglomux the Ducker, an amateur HuGl of Yredelemnul (D:7)
  8 slime creatures
  A meliai zombie (D:13)
  7 blink frogs
  9 hippogriffs
  Sigmund (D:2)
  A flying skull (Abyss:2)
  A wraith (D:12)
  7 hogs
  4 wyverns
  A vampire (D:9)
  28 yaks
  A human (D:6)
  3 hungry ghosts
  3 basilisks
  8 vampire mosquitoes (Lair:4)
  Menkaure (D:4)
  2 wargs
  18 soldier ants (Lair:6)
  A large abomination (Abyss:2)
  Edmund (D:4)
  A floating eye (D:12)
  8 porcupines
  12 water moccasins
  A swamp drake (D:12)
  2 ice beasts
  A black bear (D:12)
  21 orc warriors
  5 eyes of draining
  5 sky beasts
  25 ogres
  2 phantoms
  A necrophage (D:7)
  3 wolves (Lair:4)
  17 crocodiles
  A centaur (D:10)
  3 small abominations (D:12)
  Blork the orc (D:4)
  5 big kobolds
  2 wyvern zombies
  14 bullfrogs
  A gnoll sergeant (D:5)
  2 wyvern skeletons (D:12)
  2 water moccasin skeletons
  3 scorpions
  16 killer bees
  19 wights
  3 electric eels
  7 howler monkeys
  10 crimson imps
  3 centaur zombies
  11 orc priests
  5 jellies
  2 bullfrog skeletons
  4 hounds
  A gnoll shaman (D:9)
  2 iguanas
  20 orc wizards
  2 killer bee zombies (D:6)
  24 worker ants
  2 big kobold zombies (Ossuary)
  2 hound zombies (D:5)
  A hound skeleton (D:10)
  5 mummies
  A worker ant zombie (D:8)
  7 gnolls
  12 adders
  4 shadow imps
  2 adder zombies (D:9)
  A worm (D:2)
  3 dart slugs
  9 leopard geckos
  88 orcs
  3 giant cockroaches
  2 gnoll zombies (Ossuary)
  8 hobgoblins
  5 jackals
  A quokka (D:5)
  3 ball pythons
  5 bats
  6 frilled lizards
  5 goblins
  A goblin skeleton (D:7)
  2 goblin zombies (Ossuary)
  2 hobgoblin zombies
  13 kobolds
  3 kobold skeletons (D:7)
  2 kobold zombies
  2 orc skeletons (D:7)
  3 orc zombies
  A quokka zombie (D:5)
  5 rats
  A butterfly (Lair:2)
  4 plants (Lair:6)
738 creatures vanquished.

Vanquished Creatures (others)
  An orc warrior (Orc:2)
  2 orcs (Orc:2)
  9 fungi
  5 plants (Lair:6)
17 creatures vanquished.

Grand Total: 755 creatures vanquished

Notes
Turn   | Place    | Note
-------+----------+-------------------------------------------
     0 | D:1      | KristoblXynda the Draconian Gladiator began the quest for the Orb.
     0 | D:1      | Reached XP level 1. HP: 17/17 MP: 1/1
   159 | D:1      | Reached XP level 2. HP: 10/24 MP: 2/2
  1140 | D:2      | Reached XP level 3. HP: 21/29 MP: 3/3
  1288 | D:2      | Noticed Sigmund
  1425 | D:2      | Killed Sigmund
  1425 | D:2      | Reached skill level 5 in Long Blades
  1425 | D:2      | Reached XP level 4. HP: 29/36 MP: 4/4
  1425 | D:2      | Reached XP level 5. HP: 33/41 MP: 5/5
  1436 | D:2      | Found a burning altar of Makhleb.
  1460 | D:2      | Found an iron altar of Okawaru.
  1460 | D:2      | Found a bloodstained altar of Trog.
  1481 | D:2      | Became a worshipper of Warmaster Okawaru
  2312 | D:3      | Reached XP level 6. HP: 27/48 MP: 6/6
  3042 | D:4      | Noticed Edmund
  3044 | D:4      | Noticed Blork the orc
  3064 | D:4      | Killed Blork the orc
  3064 | D:4      | Reached skill level 6 in Long Blades
  3076 | D:4      | Killed Edmund
  3173 | D:4      | Found an ornate altar of the Wu Jian Council.
  3182 | D:4      | Found an opulent altar of Gozag.
  3182 | D:4      | Found a glowing golden altar of the Shining One.
  3182 | D:4      | Found a hide-covered altar of Uskayaw.
  3182 | D:4      | Found a stormy altar of Qazlal.
  3323 | D:4      | Noticed Menkaure
  3334 | D:4      | Killed Menkaure
  3334 | D:4      | Reached * piety under Okawaru
  3334 | D:4      | Your scales start taking on a dull iron-grey colour.
  3334 | D:4      | Reached XP level 7. HP: 40/55 MP: 7/7
  3334 | D:4      | Gained mutation: You can survive without breathing. [Grey Draconian growth]
  3476 | D:4      | Reached skill level 7 in Long Blades
  3476 | D:4      | Reached skill level 5 in Dodging
  3947 | D:5      | Entered Level 5 of the Dungeon
  4055 | D:5      | Found a shadowy altar of Dithmenos.
  4533 | D:5      | Reached skill level 8 in Long Blades
  5008 | D:6      | Found a staircase to the Ecumenical Temple.
  5141 | Temple   | Entered the Ecumenical Temple
  5144 | Temple   | Reached XP level 8. HP: 61/61 MP: 8/8
  5822 | D:6      | Reached ** piety under Okawaru
  5928 | D:7      | Found a glowing golden altar of the Shining One.
  6073 | D:7      | Reached skill level 9 in Long Blades
  6831 | D:7      | Found a shimmering altar of Xom.
  6877 | D:7      | Found a blossoming altar of Fedhas.
  7088 | D:7      | Reached XP level 9. HP: 58/69 MP: 9/9
  7113 | D:7      | Reached skill level 10 in Long Blades
  7127 | D:7      | Reached *** piety under Okawaru
  7297 | D:7      | Noticed Gorglomux's ghost (amateur HuGl)
  7306 | D:7      | Found Suqoid's Book Shoppe.
  7331 | D:7      | Killed Gorglomux's ghost
  7960 | D:8      | Found a staircase to the Lair.
  8014 | D:8      | Found a sand-covered staircase.
  8023 | Ossuary  | Entered an ossuary
  8070 | Ossuary  | Reached skill level 11 in Long Blades
  8299 | Ossuary  | Reached skill level 5 in Fighting
  8439 | D:8      | Reached **** piety under Okawaru
  9030 | D:8      | Reached XP level 10. HP: 45/81 MP: 10/10
  9334 | D:8      | Found a hazy altar of Hepliaklqana.
  9579 | D:9      | Reached ***** piety under Okawaru
  9623 | D:9      | Noticed a two-headed ogre
  9631 | D:9      | Killed a two-headed ogre
  9631 | D:9      | Reached skill level 12 in Long Blades
  9652 | D:9      | Noticed a two-headed ogre
  9672 | D:9      | Killed a two-headed ogre
  9672 | D:9      | Received a gift from Okawaru
  9675 | D:9      | Got a pair of bloodstained gloves {god gift}
  9886 | D:9      | Identified the +2 pair of gloves "Voelun" {rC+ MR- Dex+2} (Okawaru gifted it to you on level 9 of the Dungeon)
 10767 | D:10     | Entered Level 10 of the Dungeon
 10897 | D:10     | Found Razuelui's Antique Weapon Boutique.
 10915 | D:10     | Found Zilus's Gadget Shoppe.
 10920 | D:10     | Bought a wand of clouds (6) for 360 gold pieces
 10937 | D:10     | Noticed a two-headed ogre
 10944 | D:10     | Killed a two-headed ogre
 11046 | D:10     | Noticed a two-headed ogre
 11050 | D:10     | Killed a two-headed ogre
 11050 | D:10     | Reached XP level 11. HP: 75/92 MP: 11/11
 11123 | D:10     | Found Ubenesul's Antique Weapon Shop.
 11153 | D:10     | Reached skill level 13 in Long Blades
 11304 | D:10     | Found Qobb's Food Shop.
 11330 | D:10     | Found Soicere's Weapon Boutique.
 11753 | D:11     | Killed an unseen horror
 11753 | D:11     | Reached skill level 1 in Shields
 11850 | D:11     | Noticed a two-headed ogre
 11870 | D:11     | Killed a two-headed ogre
 11923 | D:11     | Noticed an eight-headed hydra
 11933 | D:11     | Killed a five-headed hydra
 11933 | D:11     | Received a gift from Okawaru
 11947 | D:11     | Noticed Azzok's ghost (journeyman GrBe)
 12367 | D:11     | Noticed a red ugly thing
 12376 | D:11     | Killed a red ugly thing
 12571 | D:11     | Killed Azzok's ghost
 13018 | D:12     | Reached ****** piety under Okawaru
 13018 | D:12     | Reached skill level 14 in Long Blades
 13161 | D:12     | Received a gift from Okawaru
 13332 | D:12     | Reached XP level 12. HP: 97/104 MP: 12/12
 13429 | D:12     | Reached skill level 1 in Invocations
 13445 | D:12     | Found a staircase to the Orcish Mines.
 13474 | D:12     | Reached skill level 1 in Evocations
 13725 | D:12     | Received a gift from Okawaru
 13759 | D:12     | Noticed Sonja
 13773 | D:12     | Killed Sonja
 13805 | D:12     | Reached skill level 10 in Dodging
 14527 | D:12     | Identified the Catalogue of Success
 14608 | D:12     | Reached skill level 5 in Shields
 14609 | D:12     | Paralysed by a floating eye for 2 turns
 14992 | D:13     | Found Rimiol's Assorted Antiques.
 15052 | D:13     | Found a flickering gateway to a bazaar.
 15057 | Bazaar   | Entered a bazaar
 15384 | Bazaar   | Found Wifeuxi's Weapon Boutique.
 15401 | Bazaar   | Found Usemohaor's Weapon Emporium.
 15407 | Bazaar   | Bought the +7 longbow "Piercer" {penet, EV-2} for 369 gold pieces
 15407 | Bazaar   | Found the +7 longbow "Piercer" {penet, EV-2}
 15445 | Bazaar   | Found Kiuffodu's Distillery.
 15495 | Bazaar   | Found Owauv's Jewellery Shoppe.
 15544 | Bazaar   | Found Bimolush's Assorted Antiques.
 15672 | D:13     | Reached skill level 10 in Fighting
 15673 | D:13     | Received a gift from Okawaru
 15811 | D:13     | Found a gate to the Vaults.
 15811 | D:13     | Noticed a vault guard
 15811 | D:13     | Noticed a vault guard
 15811 | D:13     | Noticed a vault guard
 15813 | D:13     | Noticed a vault guard
 15826 | D:13     | Killed a vault guard
 15829 | D:13     | Killed a vault guard
 15837 | D:13     | Killed a vault guard
 15856 | D:13     | Killed a vault guard
 15856 | D:13     | Reached skill level 5 in Invocations
 15858 | D:13     | Reached XP level 13. HP: 63/114 MP: 3/16
 16171 | D:13     | Received a gift from Okawaru
 16356 | D:14     | Noticed Roxanne
 16544 | D:14     | Received a gift from Okawaru
 16720 | D:14     | Reached skill level 5 in Evocations
 16770 | D:14     | Found Jesm's Book Shop.
 17259 | D:14     | Killed Roxanne
 17432 | D:15     | Entered Level 15 of the Dungeon
 17867 | D:15     | Noticed a dire elephant
 17876 | D:15     | Received a gift from Okawaru
 17887 | D:15     | Killed a dire elephant
 18164 | D:15     | Found a deep blue altar of Sif Muna.
 18919 | D:15     | Found a staircase to the Depths.
 19191 | Lair:1   | Entered Level 1 of the Lair of Beasts
 19789 | Lair:1   | Reached XP level 14. HP: 124/124 MP: 19/19
 20154 | Lair:1   | Identified a scroll of acquirement
 20837 | Lair:2   | Found a staircase to the Snake Pit.
 21201 | Lair:3   | Noticed mhoghedin's ghost (journeyman GnWn)
 21235 | Lair:3   | Killed mhoghedin's ghost
 21924 | Lair:3   | Received a gift from Okawaru
 22576 | Lair:4   | Found a staircase to the Swamp.
 23492 | Lair:5   | Found a staircase to the Slime Pits.
 24120 | Lair:6   | Entered Level 6 of the Lair of Beasts
 24196 | Lair:6   | Received a gift from Okawaru
 24241 | Lair:6   | Noticed Kirke
 24260 | Lair:6   | Noticed a sphinx
 24636 | Lair:6   | Noticed an entropy weaver
 24653 | Lair:6   | Killed an entropy weaver
 25376 | Lair:6   | Noticed an entropy weaver
 25388 | Lair:6   | Killed an entropy weaver
 25812 | Lair:6   | Reached XP level 15. HP: 130/132 MP: 22/22
 26618 | Orc:1    | Entered Level 1 of the Orcish Mines
 26672 | Orc:2    | Entered Level 2 of the Orcish Mines
 26678 | Orc:2    | Found a flickering gateway to a bazaar.
 26704 | Orc:2    | Reached skill level 10 in Shields
 26704 | Orc:2    | Reached skill level 10 in Invocations
 26727 | Bazaar   | Entered a bazaar
 26727 | Bazaar   | Found Fatek's General Store.
 26933 | Bazaar   | Found Beijymm's Antique Weapon Boutique.
 26945 | Bazaar   | Found Ogagen's Antique Armour Boutique.
 26960 | Bazaar   | Found Imosirch's Magic Scroll Emporium.
 26972 | Bazaar   | Found Hiysche's Jewellery Shop.
 27057 | Bazaar   | Bought a lightning rod (4/4) for 480 gold pieces
 27081 | Bazaar   | Bought a scroll of enchant weapon for 105 gold pieces
 27081 | Bazaar   | Bought a scroll of teleportation for 42 gold pieces
 27140 | Orc:2    | Received a gift from Okawaru
 28326 | Orc:2    | Found Dudghigu's Food Boutique.
 28336 | Orc:2    | Found Sebbiex's Antique Weapon Shoppe.
 28347 | Orc:2    | Found Mur Vut's Book Shop.
 28350 | Orc:2    | Found Synefod's Food Shop.
 28364 | Orc:2    | Reached skill level 5 in Throwing
 28371 | Orc:2    | Noticed an orc warlord
 28395 | Orc:2    | Killed an orc warlord
 28411 | Orc:2    | Found a staircase to the Elven Halls.
 29669 | Elf:1    | Entered Level 1 of the Elven Halls
 29718 | Elf:1    | Reached skill level 10 in Evocations
 29763 | Elf:1    | Noticed a deep elf sorcerer
 29775 | Elf:1    | Cast into level 2 of the Abyss (a deep elf sorcerer)
 29807 | Abyss:2  | Found a corrupted altar of Lugonu.
 29809 | Abyss:2  | Noticed a bone dragon
 29948 | Abyss:2  | Noticed an Executioner
 29960 | Abyss:2  | HP: 6/134 [Executioner (7)]
 29965 | Abyss:2  | HP: 6/134 [raiju (3)]
 29965 | Abyss:2  | Slain by a raiju

Vault maps used:
D:1:      dpeg_arrival_oval, chequers_big_river
D:2:      grunt_temple_overflow_open, bloody_trog, kennysheep_generic_room_13,
          uniq_sigmund
D:3:      first_ration, guppyfry_early_lair_pool
D:4:      minitemple, uniq_menkaure, uniq_blork_the_orc, uniq_edmund
D:5:      grunt_dithmenos_smoke
D:6:      minmay_temple_entry_mist, minmay_curled_crystal, hangedman_glass_teeth
D:7:      kennysheep_little_box, lemuel_round_altar, serial_shops,
          kennysheep_mini_moat, grunt_livestock, nicolae_tso_besieged_by_evil
D:8:      kennysheep_mini, lair_entry_dummy, enter_ossuary_1,
          minmay_mini_ossuary
D:9:      minivault_26
D:10:     serial_shops, shop, shop_fountains, shop, shop,
          nicolae_shop_statue_plus, eino_curves_01
D:12:     cheibrodos_hippocracy, erik_orc_1, uniq_sonja
D:13:     lightli_vaults_fourway_checkpoint, serial_shops, bzr_entry_dummy,
          nicolae_shop_trees, serial_bayou_pond_a
D:14:     serial_shops, nicolae_shop_behind_doors, uniq_roxanne
D:15:     hangedman_depths_entry_try_elsewhere_first, minmay_misc_feat_hallway,
          tgw_sif
Temple:   grunt_temple_mini_profane
Lair:1:   grunt_forest_small_clearings, serial_bayou_lagoon_a,
          serial_bayou_ford_a, beast_lair_carwin_3, grunt_megastairs_4,
          lemuel_fruit_tree
Lair:2:   dummy_snake_entry, minmay_holes, lemuel_fruit_fields,
          grunt_megastairs_5
Lair:3:   nicolae_quartered_pool_little
Lair:4:   minmay_swamp_entry_swarm, cheibrodos_lair_reptile_den,
          serial_bayou_shore_b, grunt_megastairs_3
Lair:5:   minmay_slime_entry_pillars
Lair:6:   due_jungle_book, zaba_antful_of_joy, grunt_megastairs_1, uniq_kirke
Orc:2:    st_orc_open, serial_shops, bzr_entry_water
Elf:1:    hangedman_elf_represent
Abyss:2:  hangedman_cross_veins
Bazaar:   bazaar_jpeg_circle_rare_1, bazaar_lake
Ossuary:  ossuary_crypta

Skill      XL: |  1  2  3  4  5  6  7  8  9 10 11 12 13 14 15 |
---------------+----------------------------------------------+-----
Throwing       | 2 3 5 |  5.3
Dodging        | 3 4 5 6 7 8 9 10 11 12 | 12.1
Long Blades    | 5 6 8 9 11 12 14 | 14.0
Fighting       | 3 5 7 9 10 11 12 | 12.6
Shields        | 3 6 7 9 10 | 10.9
Invocations    | 5 7 9 10 | 10.3
Evocations     | 4 6 8 10 | 10.2

Action                   |  1- 3 |  4- 6 |  7- 9 | 10-12 | 13-15 || total
-------------------------+-------+-------+-------+-------+-------++-------
Melee: Long sword        |    78 |   100 |   199 |    27 |       ||   404
       Tailslap          |    10 |    11 |    90 |   113 |   253 ||   477
       Scimitar          |       |       |   325 |   607 |  1216 ||  2148
Throw: Throwing net      |       |     1 |     1 |     2 |     1 ||     5
 Abil: Evoke Berserk Rag |       |       |       |     1 |       ||     1
       Evoke Invisibilit |       |       |       |       |     1 ||     1
Evoke: Wand              |       |       |     1 |    22 |    35 ||    58
       Lightning rod     |       |       |       |       |     4 ||     4
       Phial of floods   |       |       |       |       |     2 ||     2
  Use: Scroll            |     6 |     2 |    15 |     9 |    22 ||    54
       Potion            |     1 |     3 |     4 |     3 |     9 ||    20
 Stab: Sleeping          |       |     1 |       |     1 |       ||     2
       Held in net/web   |       |       |     1 |     1 |     2 ||     4
       Paralysed         |       |       |       |       |     6 ||     6
       Distracted        |       |       |       |       |     1 ||     1
       Invisible         |       |       |       |       |     8 ||     8
  Eat: Chunk             |     2 |     3 |     8 |     7 |     4 ||    24
       Ration            |       |     1 |     3 |     7 |    13 ||    24
Armor: Skin              |    25 |    21 |   177 |   163 |   276 ||   662
Dodge: Dodged            |    84 |    87 |   390 |   375 |   929 ||  1865
Block: Buckler           |       |       |       |    79 |   365 ||   444
       Reflection        |       |       |       |       |     9 ||     9
       Rpst.: Long sword |    25 |    20 |    41 |     5 |       ||    91
       Scimitar          |       |       |    76 |    96 |   244 ||   416

Table legend:
 A = Spawn XP
 B = Non-spawn XP
 C = Spawn XP percentage of total XP
 D = Spawn monster count
 E = Non-spawn monster count
 F = Spawn count percentage of total count
 G = Total turns spent on level
                    A         B        C        D         E        F      G
               +---------+---------+-------+---------+---------+-------+---------
         Total |     941 |  138551 |   0.7 |       2 |     733 |   0.3 | 29965
               +---------+---------+-------+---------+---------+-------+---------
           D:1 |       0 |      36 |   0.0 |       0 |      25 |   0.0 |  1197
           D:2 |       0 |     249 |   0.0 |       0 |       8 |   0.0 |   657
           D:3 |       0 |     127 |   0.0 |       0 |      23 |   0.0 |   783
           D:4 |       0 |     543 |   0.0 |       0 |      12 |   0.0 |  1310
           D:5 |       0 |     432 |   0.0 |       0 |      15 |   0.0 |  1006
           D:6 |       0 |     792 |   0.0 |       0 |      20 |   0.0 |  1009
           D:7 |       0 |    2351 |   0.0 |       0 |      41 |   0.0 |  1777
           D:8 |       0 |    1315 |   0.0 |       0 |      35 |   0.0 |  1175
           D:9 |       0 |    3573 |   0.0 |       0 |      33 |   0.0 |  1441
          D:10 |       0 |    3520 |   0.0 |       0 |      24 |   0.0 |   933
          D:11 |       0 |    6641 |   0.0 |       0 |      30 |   0.0 |  1098
          D:12 |       0 |    9730 |   0.0 |       0 |      59 |   0.0 |  2238
          D:13 |       0 |   10117 |   0.0 |       0 |      28 |   0.0 |   914
          D:14 |       0 |    6060 |   0.0 |       0 |      19 |   0.0 |  1776
          D:15 |       0 |   16988 |   0.0 |       0 |      41 |   0.0 |   924
        Temple |       0 |       4 |   0.0 |       0 |       2 |   0.0 |   206
        Lair:1 |       0 |    2098 |   0.0 |       0 |      15 |   0.0 |  1307
        Lair:2 |       0 |    3881 |   0.0 |       0 |      13 |   0.0 |   699
        Lair:3 |       0 |    4584 |   0.0 |       0 |      13 |   0.0 |   911
        Lair:4 |       0 |    7669 |   0.0 |       0 |      36 |   0.0 |  1202
        Lair:5 |       0 |    4962 |   0.0 |       0 |      20 |   0.0 |  1316
        Lair:6 |       0 |   24230 |   0.0 |       0 |      78 |   0.0 |  1907
         Orc:1 |       0 |    5166 |   0.0 |       0 |      44 |   0.0 |  1543
         Orc:2 |       0 |   17035 |   0.0 |       0 |      77 |   0.0 |  1140
         Elf:1 |       0 |    5237 |   0.0 |       0 |       8 |   0.0 |   106
       Abyss:2 |     941 |     991 |  48.7 |       2 |       2 |  50.0 |   190
       Ossuary |       0 |     220 |   0.0 |       0 |      12 |   0.0 |   316
               +---------+---------+-------+---------+---------+-------+---------
